 Dungeon Crawl Stone Soup version 0.28.0-53-g5a82cb258f (webtiles) character file.

Game seed: 8440219225216935338

1205 Legadrian the Fighter (level 8, 0/73 HPs)
             Began as a Human Fighter on July 8, 2022.
             Was a Follower of Elyvilon.
             Slain by a yak (6 damage)
             ... on level 3 of the Dungeon.
             The game lasted 00:16:23 (7212 turns).

Legadrian the Fighter (Human Fighter)               Turns: 7212, Time: 00:16:24

Health: 0/73       AC: 13    Str: 19      XL:     8   Next: 73%
Magic:  8/8        EV:  5    Int:  7 (9)  God:    Elyvilon [*.....]
Gold:   214        SH:  4    Dex:  9 (12) Spells: 7/7 levels left

rFire   . . .      SeeInvis .   a - +1 flail
rCold   . . .      Faith    .   c - +0 buckler
rNeg    . . .      Spirit   .   t - +0 plate armour
rPois   .          Reflect  .   (no helmet)
rElec   .          Harm     .   g - +0 cloak
rCorr   .          Rampage  .   z - +0 pair of gloves
Will    .....                   (no boots)
Stlth   ..........              (no amulet)
HPRegen 0.22/turn               (no ring)
MPRegen 0.11/turn               (no ring)

@: no status effects
A: no striking features
a: Renounce Religion, Purification


You were on level 3 of the Dungeon.
You worshipped Elyvilon.
Elyvilon was aware of your devotion.
You visited 2 branches of the dungeon, and saw 6 of its levels.

You collected 214 gold pieces.

Inventory:

Hand Weapons
 a - a +1 flail (weapon)
Missiles
 e - 6 poisoned darts (quivered)
 o - 53 stones
 q - 108 arrows
 u - 7 bolts
 y - 20 sling bullets
Armour
 b - a +0 scale mail
 c - a +0 buckler (worn)
 g - a +0 cloak (worn)
 n - a +0 chain mail
 t - a +0 plate armour (worn)
 z - a +0 pair of gloves (worn)
Jewellery
 A - a +4 ring of protection
Scrolls
 h - a scroll of blinking
 s - a scroll of torment
 x - a scroll of immolation
Potions
 l - a potion of degeneration


   Skills:
 + Level 10.3 Fighting
 - Level 2.0 Maces & Flails
 - Level 3.0 Armour
 - Level 3.0 Shields


You had 7 spell levels left.
You didn't know any spells.
Your spell library contained the following spells:

 Spells                   Type           Power      Damage    Failure   Level
 Animate Skeleton         Necr           0%         N/A       100%        1
 Apportation              Tloc           0%         N/A       100%        1
 Summon Small Mammal      Summ           0%         N/A       100%        1


Dungeon Overview and Level Annotations

Branches:
Dungeon (5/15)             Temple (1/1) D:4

Altars:
Ashenzari
Cheibriados
Elyvilon
Gozag
Hepliaklqana
Kikubaaqudgha
Makhleb
Nemelex Xobeh
Qazlal
Ru
Trog
Uskayaw
Vehumet
Wu Jian
Xom
Zin
The Shining One

Shops:
D:2 ?   D:5 *

Annotations:
D:4 Blork the orc


Message History

You thump the yak!
The yak is moderately wounded.
The yak barely misses you.
You barely miss the yak.
The yak is moderately wounded.
The yak gores you.
You closely miss the yak.
The yak is moderately wounded.
The yak gores you but does no damage. The yak barely misses you.
You sock the yak!
The yak is moderately wounded.
The yak gores you!
You thump the yak!
The yak is heavily wounded.
You block the yak's attack.
You hit the yak.
The yak is severely wounded.
The yak gores you! The yak gores you but does no damage.
You completely miss the yak.
The yak is severely wounded.
You block the yak's attack.
You hit the yak.
The yak is severely wounded.
The yak gores you but does no damage.
You hit the yak but do no damage.
The yak is severely wounded.
The yak gores you but does no damage. The yak gores you!
* * * LOW HITPOINT WARNING * * *
You barely miss the yak.
The yak is severely wounded.
The yak gores you!
* * * LOW HITPOINT WARNING * * *
Okay, then.
You hit the yak but do no damage.
The yak is severely wounded.
The yak completely misses you.
You hit the yak.
The yak is severely wounded.
The yak gores you.
You die...

##.#####.#####.#..# #.# #.#
§...§###.# #.#.## #.#####.###
.....#...#####.#.# #.##.......
.._..............######.##.##.###
.....#...####...........##.##.###
§...§##)## #.#..#########.##.#..
##.####.# #.#..# #.##.... ...#
#.# #.#Y.# #.####..
...####.#####.##@# #.# ##.
.......#...#...#.# #.# #.
......#.##.##.##.# #.#####.
#.###.#.####...### #....... ..#
#.#...#..#..# #######. ###
#.######...## #. ##.## ##.#.#.##
#. #...# #..)....# ########.
#...# ###.#.### #.......#


You could see a yak.

Vanquished Creatures
  Grinder (D:4)
  4 yaks
  A water moccasin (D:4)
  A sky beast (D:5)
  A hound (D:4)
  An iguana (D:4)
  2 hound skeletons
  4 gnolls (D:5)
  3 adders
  2 ufetubi
  A worm (D:5)
  3 dart slugs
  13 bats
  13 endoplasms
  4 giant cockroaches
  10 goblins
  7 hobgoblins
  8 jackals
  4 kobolds
  3 quokkas
  4 ball pythons
  4 frilled lizards
  2 rats
96 creatures vanquished.

Vanquished Creatures (others)
  A quokka (D:3)
  A plant (D:2)
2 creatures vanquished.

Grand Total: 98 creatures vanquished

Notes
Turn   | Place    | Note
-------+----------+-------------------------------------------
     0 | D:1      | Legadrian the Human Fighter began the quest for the Orb.
     0 | D:1      | Reached XP level 1. HP: 18/18 MP: 1/1
   220 | D:1      | Reached XP level 2. HP: 19/24 MP: 2/2
   974 | D:1      | Reached skill level 4 in Fighting
   974 | D:1      | Reached XP level 3. HP: 23/30 MP: 3/3
  1377 | D:2      | Found Cilibid's Magic Scroll Boutique.
  1761 | D:2      | Found a faded altar of an unknown god.
  1800 | D:2      | Reached XP level 4. HP: 38/38 MP: 4/4
  2322 | D:3      | Found a sacrificial altar of Ru.
  2380 | D:3      | Reached skill level 5 in Fighting
  2396 | D:3      | Found an ancient bone altar of Kikubaaqudgha.
  2634 | D:3      | Found a bloodstained altar of Trog.
  2961 | D:4      | Reached XP level 5. HP: 39/44 MP: 5/5
  3071 | D:4      | Found a staircase to the Ecumenical Temple.
  3104 | Temple   | Entered the Ecumenical Temple
  3482 | Temple   | Became a worshipper of Elyvilon the Healer
  3582 | D:4      | Noticed Blork the orc
  3829 | D:4      | Found an ornate altar of the Wu Jian Council.
  3931 | D:4      | Found a hide-covered altar of Uskayaw.
  4240 | D:4      | Found a faded altar of an unknown god.
  4240 | D:4      | Found a faded altar of an unknown god.
  4247 | D:4      | Found a glowing silver altar of Zin.
  4249 | D:4      | Found a broken altar of Ashenzari.
  4251 | D:4      | Found a stormy altar of Qazlal.
  4274 | D:4      | Noticed Grinder
  4348 | D:5      | Entered Level 5 of the Dungeon
  4354 | D:5      | Noticed a yak
  4355 | D:5      | Noticed a yak
  4355 | D:5      | Noticed a water moccasin
  4355 | D:5      | Noticed a yak
  4355 | D:5      | Noticed an ogre
  4407 | D:5      | Reached * piety under Elyvilon
  4439 | D:5      | Reached skill level 6 in Fighting
  4444 | D:5      | Reached XP level 6. HP: 24/52 MP: 6/6
  4508 | D:4      | Killed a water moccasin
  4509 | D:4      | Reached skill level 7 in Fighting
  4842 | D:5      | Noticed a yak
  4844 | D:5      | Killed a yak
  4845 | D:5      | Reached XP level 7. HP: 41/61 MP: 7/7
  4880 | D:4      | Killed a yak
  4881 | D:4      | Reached skill level 8 in Fighting
  5120 | D:5      | Killed a yak
  5121 | D:5      | Reached XP level 8. HP: 26/70 MP: 8/8
  5468 | D:5      | Reached skill level 9 in Fighting
  5515 | D:5      | Found Wajaef's General Store.
  5992 | D:5      | Noticed a yak
  5993 | D:5      | Noticed a yak
  6015 | D:4      | Killed a yak
  6698 | D:4      | Paralysed by Grinder for 6 turns
  6715 | D:4      | Paralysed by Grinder for 5 turns
  6725 | D:4      | Killed Grinder
  6726 | D:4      | Reached skill level 10 in Fighting
  7212 | D:3      | Slain by a yak

Illustrated notes

Levels and vault maps discovered:
D:1:      wander_arrival_fairy_ring, layout_loops_corners, minmay_tetromino_i4
D:2:      layout_rooms, serial_shops, nicolae_shop_advertising_works
          [nicolae_subvault_shop_adworks],
          hellmonk_ecumenical_altar_slurped_away, serial_bayou_pond_b
D:3:      minmay_spotlight, layout_loops_ring, mainiacjoe_overflow_alcove_2,
          nicolae_kikubaaqudgha_miasma_corner, mainiacjoe_overflow_alcove_1
D:4:      layout_gridville, chequers_temple_overflow_minitemple,
          mainiacjoe_overflow_cross_hatched,
          nicolae_wu_jian_immortal_techniques, minmay_temple_entry_crystal_x,
          serial_park_tiny_pond, uniq_grinder, uniq_blork_the_orc
D:5:      layout_cave_pods, nicolae_ossuary_entry_catacombs, serial_shops,
          nicolae_shop_stone, minmay_misc_feat_encased
Temple:   compressed_dpeg_triangle_lava_temple

Skill      XL: |  1  2  3  4  5  6  7  8 |
---------------+-------------------------+-----
Fighting       | 4 5 6 7 8 10 | 10.3
Maces & Flails | |  2.0
Armour         | |  3.0
Shields        | |  3.0

Action                   |  1- 3 |  4- 6 |  7- 9 || total
-------------------------+-------+-------+-------++-------
Melee: Flail             |    87 |   218 |   119 ||   424
  Use: Potion            |       |     7 |     3 ||    10
       Scroll            |       |       |     9 ||     9
 Stab: Invisible         |       |       |     2 ||     2
Armor: Scale mail        |    35 |       |       ||    35
       Chain mail        |    21 |    40 |       ||    61
       Plate armour      |       |   117 |    83 ||   200
Dodge: Dodged            |    36 |    84 |    32 ||   152
Block: Buckler           |    22 |    55 |    33 ||   110
